 Dungeon Crawl Stone Soup version 0.30.1-9-gdf580d7c3d (webtiles) character file.

Game seed: 14327257125989449464

966 Ivernyr the Cruncher (level 8, 0/58 HPs)
             Began as a Formicid Fighter on Oct 5, 2023.
             Was a Follower of Zin.
             Slain by a gnoll
             ... wielding a +0 club
             ... led by a gnoll bouda
              (1 damage)
             ... on level 4 of the Dungeon.
             The game lasted 00:09:42 (3441 turns).

Ivernyr the Cruncher (Formicid Fighter)             Turns: 3441, Time: 00:09:42

Health: 0/58       AC:  6    Str: 30    XL:     8   Next: 38%
Magic:  8/8        EV:  9    Int:  7    God:    Zin [*.....]
Gold:   197        SH:  5    Dex: 13    Spells: 7/7 levels left

rFire   . . .        a - +0 quarterstaff
rCold   . . .        c - +0 buckler
rNeg    . . .        b - +0 scale mail
rPois   .            (helmet unavailable)
rElec   .            (no cloak)
rCorr   .            (no gloves)
SInv    +            (no boots)
Will    .....        (no amulet) Stlth
                     q - +6 ring of strength
HPRegen 0.29/turn    (no ring)
MPRegen 0.11/turn

%: no passive effects
@: reciting
A: permanent stasis, dig shafts and tunnels, antennae 3, four strong arms
a: Dig, Shaft Self, Renounce Religion, Recite, Donate Gold


You were on level 4 of the Dungeon.
You worshipped Zin.
Zin was aware of your devotion.
You visited 2 branches of the dungeon, and saw 6 of its levels.

You collected 218 gold pieces.
You donated 21 gold pieces to Zin.

Inventory:

Hand Weapons
 a - a +0 quarterstaff (weapon)
Armour
 b - a +0 scale mail (worn)
 c - a +0 buckler (worn)
Jewellery
 q - a +6 ring of strength (left hand)
Scrolls
 d - a scroll of butterflies {unknown}
 e - a scroll of amnesia {unknown}
 g - 4 scrolls of identify {unknown}
 h - a scroll of vulnerability {unknown}
 i - 3 scrolls of fear {unknown}
 l - a scroll of poison {unknown}
 m - a scroll of blinking {unknown}
 o - 5 scrolls of teleportation {unknown}
 p - a scroll of enchant armour {unknown}
 s - 2 scrolls of enchant weapon {unknown}
Potions
 f - 7 potions of curing {unknown}
 j - 3 potions of brilliance {unknown}
 k - a potion of berserk rage {unknown}
 n - a potion of lignification {unknown}
 r - a potion of heal wounds {unknown}
 t - a potion of magic {unknown}
 u - a potion of invisibility {unknown}


   Skills:
 - Level 3.2 Fighting
 + Level 9.4 Staves
 - Level 3.2 Armour
 - Level 4.0 Shields


You had 7 spell levels left.
You didn't know any spells.
Your spell library contained the following spells:

 Spells                   Type           Power      Damage    Failure   Level
 Magic Dart               Conj           0%         1d3       73%         1
 Call Imp                 Summ           0%         N/A       86%         2
 Ensorcelled Hibernation  Hex/Ice        0%         N/A       86%         2
 Mephitic Cloud           Conj/Pois/Air  0%         N/A       97%         3
 Spider Form              Tmut/Pois      0%         N/A       97%         3
 Anguish                  Hex/Necr       0%         N/A       100%        4


Dungeon Overview and Level Annotations

Branches:
Dungeon (5/15)             Temple (1/1) D:4

Altars:
Ashenzari
Dithmenos
Elyvilon
Fedhas
Gozag
Okawaru
Trog
Vehumet
Wu Jian
Zin
The Shining One

Shops:
D:2 :


Innate Abilities, Weirdness & Mutations

You cannot be hasted, slowed, berserked, paralysed or teleported.
You can dig through walls and to a lower floor.
You have a pair of large antennae on your head. (SInv)
Your four strong arms can wield two-handed weapons with a shield.


Message History

The gnoll hits you from afar with a +0 halberd!
You climb upwards.
There is a stone staircase leading down here.
Unknown command.
You hit the iguana but do no damage. The jackal bites you.
The ufetubus closely misses you. You block the ufetubus's attack.
The jackal barely misses you. The iguana bites you.
The gnoll hits you with a +0 club.
You hit the iguana.
The iguana is moderately wounded.
The ufetubus barely misses you. The ufetubus hits you.
The jackal barely misses you. The jackal bites you.
* * * LOW HITPOINT WARNING * * *
The ufetubus barely misses you. The ufetubus hits you.
* * * LOW HITPOINT WARNING * * *
The gnoll barely misses you. The iguana bites you!
* * * LOW HITPOINT WARNING * * *
The jackal barely misses you.
You sock the iguana!
The iguana is almost dead.
The jackal bites you but does no damage.
The ufetubus closely misses you. You block the ufetubus's attack.
The jackal misses you.
You sock the iguana!
You kill the iguana!
The jackal bites you.
* * * LOW HITPOINT WARNING * * *
The gnoll barely misses you. The ufetubus misses you.
The ufetubus hits you but does no damage.
The jackal barely misses you.
The jackal bites you but does no damage.
Activating: Recite (11% risk of failure)
Press: ? - help, Dir - look around, f - activate You clear your throat and prepare to recite. "In a great set of silver scales are weighed the..."
You block the ufetubus's attack. The ufetubus hits you.
* * * LOW HITPOINT WARNING * * *
The jackal bites you but does no damage.
The gnoll hits you with a +0 club.
You die...

.#.##...##.# #.#......#.#
.#......##.# #.#......#.######
.#.###.....###.#......#......#
.....#.###.....#......#......#
.#.#.#.# #.###........'......#
.#.#.#.###.# #........##.....#
##.#.#.....# #........##.....#
#.#.####### #.h.g§#.###.....#
#.#.#########.5@h#.§§##.....#
#.#...........#†#§#.#.#.....####
#.#############.§§§_.§§.......).
#.#...........#[#§#.#.#####.####
#.#.#########.#.##.§.## #.# ##
#.#.........#.#...#.## #.# #.
#.#########.#)#.#.§.# #.###.
#.............#.##### #.....
#.#########.###.# #####.


You could see a gnoll, an ufetubus and 2 jackals.

Vanquished Creatures
  Menkaure (D:4)
  Duvessa (D:4)
  A black bear (D:5)
  Blork the orc (D:4)
  Dowan (D:4)
  A howler monkey (D:4)
  2 jellies
  3 hounds (D:4)
  2 sleepcaps (D:4)
  A gnoll bouda (D:4)
  3 iguanas (D:4)
  7 gnolls
  4 adders
  A worm (D:4)
  2 dart slugs
  2 orcs
  3 ball pythons
  11 endoplasms
  6 giant cockroaches
  12 hobgoblins
  A jackal (D:4)
  5 kobolds
  A quokka (D:4)
  4 bats
  4 frilled lizards
  10 goblins
  7 rats
97 creatures vanquished.

Notes
Turn   | Place    | Note
-------+----------+-------------------------------------------
     0 | D:1      | Ivernyr the Formicid Fighter began the quest for the Orb.
     0 | D:1      | Reached XP level 1. HP: 18/18 MP: 1/1
    83 | D:1      | Reached XP level 2. HP: 24/24 MP: 2/2
   129 | D:1      | Reached skill level 3 in Staves
   190 | D:1      | Reached XP level 3. HP: 27/29 MP: 3/3
   694 | D:2      | Found Piapluad's Book Shop.
   768 | D:2      | Reached skill level 4 in Staves
   768 | D:2      | Reached XP level 4. HP: 34/35 MP: 4/4
  1012 | D:3      | Reached XP level 5. HP: 26/41 MP: 5/5
  1187 | D:3      | Reached skill level 5 in Staves
  1279 | D:3      | Found a bloodstained altar of Trog.
  1723 | D:4      | Noticed Menkaure
  1955 | D:4      | Killed Menkaure
  1956 | D:4      | Reached skill level 6 in Staves
  1956 | D:4      | Reached XP level 6. HP: 46/47 MP: 6/6
  1994 | D:4      | Noticed Duvessa
  1994 | D:4      | Noticed Dowan
  2012 | D:4      | Killed Duvessa
  2013 | D:4      | Reached XP level 7. HP: 33/52 MP: 7/7
  2034 | D:4      | Killed Dowan
  2035 | D:4      | Reached skill level 7 in Staves
  2294 | D:4      | Found a staircase to the Ecumenical Temple.
  2399 | Temple   | Entered the Ecumenical Temple
  2413 | Temple   | Became a worshipper of Zin the Law-Giver
  2413 | Temple   | Reached * piety under Zin
  2589 | D:4      | Reached skill level 8 in Staves
  2665 | D:4      | Found a shadowy altar of Dithmenos.
  3254 | D:5      | Entered Level 5 of the Dungeon
  3261 | D:5      | Noticed Blork the orc
  3269 | D:5      | Reached XP level 8. HP: 48/58 MP: 8/8
  3342 | D:4      | Reached skill level 9 in Staves
  3345 | D:4      | Killed Blork the orc
  3441 | D:4      | HP: 1/58 [ufetubus (3)]
  3441 | D:4      | Slain by a gnoll

Illustrated notes

Levels and vault maps discovered:
D:1:      lemuel_arrival_broad_hall, layout_basic
D:2:      layout_rooms, serial_shops, shop, dk_noncrumbling_4
D:3:      layout_rooms, trog_three_pillars_becter
D:4:      layout_basic, grunt_dithmenos_smoke_and_mirrors,
          minmay_temple_entry_trees, uniq_menkaure, uniq_duvessa
D:5:      layout_loops_cross, cheibriados_altar_1, uniq_blork_the_orc
Temple:   nicolae_temple_two_arcs

Skill      XL: |  1  2  3  4  5  6  7  8 |
---------------+-------------------------+-----
Staves         | 3 4 6 8 9 |  9.4
Fighting       | |  3.2
Armour         | |  3.2
Shields        | |  4.0

Action                     |  1- 3 |  4- 6 |  7- 9 || total
---------------------------+-------+-------+-------++-------
  Melee: Quarterstaff      |    81 |    70 |   145 ||   296
 Invoke: Recite            |       |       |     1 ||     1
    Use: Potion            |       |     2 |       ||     2
 Armour: Scale mail        |    32 |    25 |    47 ||   104
  Dodge: Dodged            |    21 |    28 |    78 ||   127
  Block: Buckler           |    18 |    16 |    34 ||    68
